AoeStats
← FrosttyyX

MegaRandom

505374364Analyzed
1v1 RM · 22d ago on Sep 9, 2026· 38m 33s· 2 players
Game mode
Random Map
Map size
Tiny (2 player)
Population
200
Speed
Normal
Resources
Standard
Victory
Conquest
Starting age
Dark Age
Ending age
Imperial Age
RankedLock teamsTeams togetherTeam positionsShared explorationLock speedFull tech treeHidden civsTurbo modeCheats
Victory
Defeat
🇦🇺 Malay · Australia
942
+34
🇵🇪 Ethiopians · Peru
965
-17
FrosttyyX
1:51 Loom
11:43 Feudal Age
12:27 Wheelbarrow
11:54 Double-Bit Axe
16:35 Man-at-Arms
17:36 Forging
23:30 Castle Age
21:16 Town Watch
24:07 Hand Cart
24:05 Husbandry
24:40 Squires
24:31 Fletching
25:18 Iron Casting
33:10 Imperial Age
30:37 Gold Mining
31:24 Bow Saw
30:55 Horse Collar
31:56 Elite Karambit Warrior
33:50 Blast Furnace
33:08 Heavy Plow
34:01 Conscription
34:43 Scale Barding Armor
34:59 Town Patrol
35:30 Conscription
36:28 Elite Battle Elephant
37:38 Arson
lvezca77
8:20 Feudal Age
6:38 Loom
16:48 Castle Age
16:54 Crossbowman
19:01 Double-Bit Axe
19:38 Fletching
20:40 Bodkin Arrow
26:49 Stone Mining
27:18 Scale Mail Armor
29:32 Ballistics
30:08 Murder Holes
32:19 Forging
32:50 Padded Archer Armor
33:06 Chain Mail Armor
38:57 Imperial Age
Connection lost

Rejoining the realm…

Still unreachable

The connection could not be restored.

Session expired

The server has moved on; the page needs a fresh start.